 Seeded DCSS version 0.29-a0-375-g5102b3be25 (webtiles) character file.

Game seed: 13605594255664981076 (custom seed)

25969 thiscave3701365 the Severer (level 12, -5/169 HPs)
             Began as a Minotaur Berserker on May 3, 2022.
             Was an Elder of Trog.
             Killed from afar by a bog body (19 damage)
             ... with a bolt of cold
             ... on level 3 of the Lair of Beasts.
             The game lasted 00:20:52 (24731 turns).

thiscave3701365 the Severer (Minotaur Berserker)   Turns: 24731, Time: 00:20:53

Health: -5/169     AC: 19    Str: 26    XL:     12   Next: 94%
Magic:  11/11      EV:  9    Int:  4    God:    Trog [****..]
Gold:   882        SH:  0    Dex: 11    Spells: 11/11 levels left

rFire   . . .      SeeInvis .   E - +1 battleaxe
rCold   . . .      Faith    .   (shield currently unavailable)
rNeg    . . .      Spirit   .   y - +0 plate armour
rPois   .          Reflect  .   (helmet restricted)
rElec   .          Harm     .   A - +0 cloak
rCorr   .          Rampage  .   (no gloves)
Will    .....                   z - +0 pair of boots
Stlth   ..........              (no amulet)
HPRegen 0.38/turn               (no ring)
MPRegen 0.12/turn               (no ring)

@: berserking, quick
A: horns 2, retaliatory headbutt
a: Renounce Religion, Berserk, Trog's Hand, Brothers in Arms


You were on level 3 of the Lair of Beasts.
You worshipped Trog.
Trog was greatly pleased with you.
You visited 2 branches of the dungeon, and saw 15 of its levels.
You also visited: Ossuary.

You collected 882 gold pieces.

Inventory:

Hand Weapons
 i - a +1 demon whip of venom
 D - the +7 trident of the Spectre {vorpal, rF+ Int+3 Dex+2}
   (You found it on level 8 of the Dungeon)

   It inflicts extra damage upon your enemies.
   Int:       It affects your intelligence (+3).
   Dex:       It affects your dexterity (+2).
   rF:        It protects you from fire.
 E - a +1 battleaxe (weapon)
 F - the +8 trident of the Octopus King {venom, rElec rPois}
   (You found it on level 1 of the Lair of Beasts)

   It poisons the flesh of those it strikes.
   rElec:     It insulates you from electricity.
   rPois:     It protects you from poison.
Missiles
 u - 2 throwing nets
Armour
 y - a +0 plate armour (worn)
 z - a +0 pair of boots (worn)
 A - a +0 cloak (worn)
Jewellery
 q - a ring of protection from cold
 K - a ring of magical power
Wands
 t - a wand of digging (8)
 v - a wand of charming (10)
 x - a wand of polymorph (17)
 G - a wand of paralysis (5)
 H - a wand of iceblast (10)
Scrolls
 b - 2 scrolls of vulnerability
 d - a scroll of identify
 g - a scroll of blinking
 h - a scroll of fog
 l - 3 scrolls of poison
 p - 3 scrolls of teleportation
 w - a scroll of fear
 I - 2 scrolls of enchant weapon
Potions
 a - 2 potions of resistance
 c - 5 potions of brilliance
 e - 3 potions of cancellation
 f - 7 potions of haste
 j - 3 potions of magic
 k - 2 potions of flight
 m - a potion of might
 n - a potion of ambrosia
 o - 4 potions of lignification
 r - 6 potions of heal wounds
 s - 3 potions of mutation
 B - 8 potions of curing
 C - 3 potions of degeneration
 L - a potion of attraction {unknown}


   Skills:
 + Level 12.5 Fighting
 + Level 18.8 Axes
 + Level 13.7 Armour
 + Level 3.1 Dodging
 + Level 0.5 Stealth


You had 11 spell levels left.
You didn't know any spells.
Your spell library was empty.

Dungeon Overview and Level Annotations

Branches:
Dungeon (12/15)            Temple (0/1) D:4            Lair (3/6) D:8
  Swamp (0/4) Lair:3      Ossuary (visited)
  Snake: Lair:2-4    Spider: Lair:2-4       Orc: D:9-12

Altars:
Ashenzari
Cheibriados
Gozag
Makhleb
Nemelex Xobeh
Okawaru
Uskayaw
Zin

Shops:
D:6 !

Annotations:
Lair:3 3 runed translucent doors, Lenagic's ghost, journeyman VSBe


Innate Abilities, Weirdness & Mutations

You have a pair of horns on your head.
You reflexively headbutt those who attack you in melee.


Message History

The bog body casts a spell at you. The bolt of cold hits you!
Unknown command.
The bog body casts a spell at you. The bolt of cold hits you!!
A bog body is nearby!
A bog body is nearby!
You enter the shallow water.
Moving in this stuff is going to be slow.
The bog body touches you. The bog body freezes you!
The bog body points at you and mumbles some strange words.
You resist with significant effort.
Your unstable footing causes you to fumble your attack.
The bog body touches you. The bog body freezes you!!
* * * LOW HITPOINT WARNING * * *
The bog body points at you and mumbles some strange words.
The bolt of cold hits you!!
* * * LOW HITPOINT WARNING * * *
You're standing in a cloud of freezing vapour!
Unknown command.
You're standing in a cloud of freezing vapour!
You are too injured to fight recklessly!
You're standing in a cloud of freezing vapour!
Unknown command.
You are too injured to fight recklessly!
You are too injured to fight recklessly!
Unknown command.
You are too injured to fight recklessly!
You are too injured to fight recklessly!
A red film seems to cover your vision as you go berserk!
You feel yourself moving faster!
You feel mighty!
You are engulfed in freezing vapours.
* * * LOW HITPOINT WARNING * * *
The bog body touches you but does no damage. x2
You closely miss the bog body. You headbutt the bog body!
The bog body is moderately damaged.
You slash the bog body!
You are engulfed in freezing vapours.
The bog body casts a spell at you. The bolt of cold hits you!!
You die...

#....##...........##...##........
#.................#♣#...#........
.....#......#...♣♣♣ +..## ....
P.....##.###...♣♣♣♣♣♣P'# ......
......######...♣§§§§♣..## .......
...............♣§§§§♣♣..##.......
...............♣S..≈♣............
..............♣♣nn.♣♣♣...........
..............♣♣@♣.≈♣♣...........
..............♣♣°..≈♣♣...........
......##..##..♣♣°..≈♣♣.......###.
.(...P##..###.♣♣°..≈♣♣.......##..
#...........#.♣♣°.♣≈♣♣##.P....#..
#...P.......#.♣♣≈..≈♣ ###.......
.....#.....#..♣♣÷..≈♣♣♣####..#...
#...##.....##..♣≈..≈♣.....+..##..
#....#......#..♣≈♣.≈♣.........<..


You could see 2 bog bodies and an electric eel.

Vanquished Creatures
  A boulder beetle (D:11)
  A hydra (D:11)
  A two-headed ogre (D:8)
  Nergalle (D:12)
  Amaemon (D:8)
  A bog body (Lair:3)
  An ugly thing (D:9)
  A cyclops (D:6)
  A manticore (D:7)
  10 elephants
  An orange demon (D:8)
  8 cane toads
  An unseen horror (D:11)
  2 gargoyles
  2 komodo dragons
  3 trolls
  5 blink frogs (Lair:1)
  A hornet (D:6)
  2 shadows
  A vampire (D:11)
  29 yaks
  A wraith (D:9)
  Grum (D:8)
  A steam dragon (D:8)
  2 wyverns
  12 vampire mosquitoes
  8 water moccasins
  2 swamp worms (Lair:3)
  2 acid dragons
  3 ice beasts
  2 orc warriors
  A sky beast (D:7)
  2 black bears
  3 ogres
  3 centaurs
  2 wolves (D:8)
  3 phantoms
  4 kobold brigands
  2 necrophages (D:5)
  2 elf zombies (Ossuary)
  A gnoll sergeant (D:9)
  2 bullfrogs
  2 scorpions (D:6)
  5 wights (D:7)
  9 killer bees (D:9)
  2 howler monkeys
  A centaur zombie (Ossuary)
  A hound (D:5)
  A human zombie (Ossuary)
  2 orc priests (D:4)
  A jelly (D:6)
  2 gnoll shamans
  An iguana (D:3)
  7 orc wizards
  3 mummies
  21 gnolls
  9 adders
  A shadow imp (D:7)
  2 white imps (D:7)
  2 ufetubi
  An adder zombie (Ossuary)
  A worm (D:5)
  44 orcs
  4 endoplasms
  3 giant cockroaches
  8 goblins
  4 hobgoblins
  3 jackals (D:1)
  A quokka (D:4)
  10 ball pythons
  A bat (D:3)
  3 frilled lizards
  A goblin zombie (Ossuary)
  12 hobgoblin zombies
  17 kobolds
  10 kobold zombies
  6 orc zombies (Ossuary)
  7 rats
  4 rat zombies (Ossuary)
345 creatures vanquished.

Vanquished Creatures (others)
  5 fungi
  12 plants
17 creatures vanquished.

Grand Total: 362 creatures vanquished

Notes
Turn   | Place    | Note
-------+----------+-------------------------------------------
     0 | D:1      | thiscave3701365 the Minotaur Berserker began the quest for
                  | the Orb.
     0 | D:1      | Reached XP level 1. HP: 19/19 MP: 0/0
   884 | D:1      | Found a faded altar of an unknown god.
   902 | D:1      | Reached skill level 4 in Axes
   945 | D:1      | Reached XP level 2. HP: 17/27 MP: 1/1
  1829 | D:2      | Reached XP level 3. HP: 33/33 MP: 2/2
  1926 | D:2      | Reached skill level 5 in Axes
  1935 | D:2      | Reached XP level 4. HP: 10/40 MP: 3/3
  2384 | D:2      | Reached ** piety under Trog
  2452 | D:2      | Reached skill level 6 in Axes
  3134 | D:3      | Found a hide-covered altar of Uskayaw.
  3135 | D:3      | Found a burning altar of Makhleb.
  3417 | D:3      | Reached XP level 5. HP: 43/46 MP: 4/4
  3496 | D:3      | Reached skill level 7 in Axes
  4524 | D:4      | Noticed an ogre
  4529 | D:4      | Killed an ogre
  4530 | D:4      | Reached skill level 8 in Axes
  4530 | D:4      | Reached XP level 6. HP: 36/52 MP: 5/5
  4704 | D:4      | Found an opulent altar of Gozag.
  4704 | D:4      | Found a sparkling altar of Nemelex Xobeh.
  4753 | D:4      | Found a staircase to the Ecumenical Temple.
  5111 | D:4      | Found a snail-covered altar of Cheibriados.
  5335 | D:4      | Found an iron altar of Okawaru.
  5703 | D:5      | Entered Level 5 of the Dungeon
  5774 | D:5      | Reached skill level 9 in Axes
  5826 | D:5      | Reached XP level 7. HP: 44/58 MP: 6/6
  5990 | D:5      | Reached skill level 10 in Axes
  5992 | D:5      | Reached *** piety under Trog
  6125 | D:5      | Reached skill level 11 in Axes
  6610 | D:5      | Reached XP level 8. HP: 26/66 MP: 7/7
  7129 | D:5      | Found a broken altar of Ashenzari.
  7222 | D:5      | Reached skill level 12 in Axes
  7610 | D:6      | Noticed a hornet
  7617 | D:6      | Killed a hornet
  7797 | D:6      | Noticed a cyclops
  7807 | D:6      | Killed a cyclops
  7808 | D:6      | Reached skill level 13 in Axes
  7815 | D:6      | Reached XP level 9. HP: 27/73 MP: 8/8
  7922 | D:6      | Reached skill level 5 in Fighting
  8471 | D:6      | Reached skill level 5 in Armour
  9068 | D:6      | Found Yssic's Distillery.
  9243 | D:7      | Noticed a troll
  9248 | D:7      | Killed a troll
  9249 | D:7      | Reached skill level 14 in Axes
  9497 | D:7      | Found a sand-covered staircase.
  9505 | Ossuary  | Entered an ossuary
  9671 | Ossuary  | Reached **** piety under Trog
 10192 | D:7      | Noticed a manticore
 10525 | D:7      | Killed a manticore
 10526 | D:7      | Reached XP level 10. HP: 83/86 MP: 9/9
 12393 | D:8      | Noticed Grum
 12411 | D:8      | Killed Grum
 12553 | D:8      | Found a staircase to the Lair.
 13290 | D:8      | Noticed Amaemon
 13292 | D:8      | Noticed an orange demon
 13303 | D:8      | Killed Amaemon
 13308 | D:8      | Killed an orange demon
 13774 | D:8      | Noticed a two-headed ogre
 13783 | D:8      | Killed a two-headed ogre
 13784 | D:8      | Reached skill level 15 in Axes
 13784 | D:8      | Reached skill level 10 in Armour
 14534 | D:8      | Identified the +7 trident of the Spectre {vorpal, rF+ Int+3
                  | Dex+2}
 15652 | D:9      | Noticed a purple ugly thing
 15659 | D:9      | Killed a purple ugly thing
 15660 | D:9      | Reached XP level 11. HP: 99/99 MP: 10/10
 16682 | D:10     | Entered Level 10 of the Dungeon
 17008 | D:10     | Reached skill level 10 in Fighting
 17495 | D:10     | Found a glowing silver altar of Zin.
 18036 | D:10     | Reached skill level 16 in Axes
 18330 | D:11     | Noticed a boulder beetle
 18352 | D:11     | Killed a boulder beetle
 19613 | D:11     | Noticed a six-headed hydra
 19621 | D:11     | Killed a ten-headed hydra
 19798 | D:11     | Reached skill level 17 in Axes
 20683 | D:12     | Noticed Nergalle
 20690 | D:12     | Killed Nergalle
 20691 | D:12     | Reached XP level 12. HP: 110/110 MP: 11/11
 20804 | Lair:1   | Entered Level 1 of the Lair of Beasts
 20804 | Lair:1   | Found the +8 trident of the Octopus King {venom, rElec
                  | rPois}
 22467 | Lair:2   | Reached skill level 18 in Axes
 23258 | Lair:3   | Found a runed translucent gate.
 23259 | Lair:3   | Found a runed translucent gate.
 23259 | Lair:3   | Found a runed translucent gate.
 23259 | Lair:3   | Noticed a 13-headed hydra
 23260 | Lair:3   | Noticed Lenagic's ghost (journeyman VSBe)
 23261 | Lair:3   | Noticed a nine-headed hydra
 24724 | Lair:3   | Found a staircase to the Swamp.
 24731 | Lair:3   | Killed from afar by a bog body

Illustrated notes

Levels and vault maps discovered:
D:1:      wander_arrival_lonely_grave, layout_basic,
          ebering_ecumenical_altar_rust
D:2:      layout_basic, minmay_misc_feat_tower, grunt_decor_mini_mirrors
D:3:      layout_basic, mainiacjoe_overflow_divided_tiny
D:4:      layout_loops_ring, grunt_temple_overflow_opulence,
          general_overflow_altar, mainiacjoe_overflow_24_doors, temple_doors_ab
D:5:      layout_basic, mainiacjoe_overflow_paths
D:6:      layout_basic, serial_shops, nicolae_shop_behind_doors,
          minmay_increasing_density
D:7:      layout_basic, nicolae_ossuary_entry_giza, minmay_manual_mess
D:8:      layout_rooms, lair_entry_dummy, serial_co_window_serial,
          co_window_corner_a, co_window_corner_a, co_window_paths_a,
          co_window_paths_b, co_window_corner_a, co_window_of_opportunity_c,
          co_window_corner_b, co_window_corner_cb, co_window_of_opportunity_b,
          co_window_broadway_c, glass_columns_b, uniq_grum, uniq_amaemon
D:9:      layout_irregular_city
D:10:     layout_loops_ring, mainiacjoe_overflow_six_doors_small
D:11:     layout_stronghold, lightli_orcish_oven
D:12:     layout_loops_ring, erik_orc_1, chequers_serial_rivers_small_b,
          uniq_sonja, uniq_kirke, uniq_nergalle
Lair:1:   layout_roguey
Lair:2:   layout_cave_pods
Lair:3:   layout_regular_city, nicolae_swamp_entry_splash_gauntlet,
          gammafunk_ghost_hydra_chop

Skill      XL: |  1  2  3  4  5  6  7  8  9 10 11 12 |
---------------+-------------------------------------+-----
Axes           | 4 5 6 8 9 11 13 14 15 17 18 | 18.8
Fighting       | 4 7 9 11 12 | 12.5
Armour         | 3 7 10 12 13 | 13.7
Dodging        | 3 |  3.1
Stealth        | |  0.5

Action                   |  1- 3 |  4- 6 |  7- 9 | 10-12 || total
-------------------------+-------+-------+-------+-------++-------
Melee: Hand axe          |    62 |   133 |   238 |   152 ||   585
       Headbutt          |     8 |    16 |    48 |    90 ||   162
       Punch             |       |     1 |     3 |     2 ||     6
       Battleaxe         |       |       |       |   377 ||   377
Invok: Berserk           |     2 |     8 |    13 |    27 ||    50
  Use: Scroll            |       |       |       |    25 ||    25
Armor: Animal skin       |     9 |       |       |       ||     9
       Scale mail        |    15 |    13 |       |       ||    28
       Chain mail        |       |    38 |    24 |       ||    62
       Plate armour      |       |       |    81 |   352 ||   433
       Skin              |       |       |       |     2 ||     2
Dodge: Dodged            |    31 |    47 |    69 |   204 ||   351

Table legend: (Time is in decaauts)
 A = Elapsed time spent in this place.
 B = Non-inter-level travel time spent in this place.
 C = Inter-level travel time spent in this place.
 D = Time resting spent in this place.
 E = Time spent auto-exploring this place.
 F = Levels seen in this place.
 G = Mean time per level.
                   A        B        C        D        E       F      G
               +--------+--------+--------+--------+--------+-----+--------+
         Total |  25000 |  24308 |    692 |  11468 |  11019 |  16 | 1562.5 |
       Dungeon |  20698 |  20077 |    621 |  10075 |   8564 |  12 | 1724.8 |
          Lair |   3943 |   3873 |     70 |   1393 |   2205 |   3 | 1314.3 |
       Ossuary |    359 |    359 |      0 |      0 |    250 |   1 |  359.0 |
               +--------+--------+--------+--------+--------+-----+--------+

Top non-repeatable levels by time:
    D:11: 2509 daAuts
     D:9: 2493 daAuts
     D:8: 2330 daAuts
     D:6: 2219 daAuts
     D:7: 2089 daAuts
     D:5: 1915 daAuts
  Lair:3: 1794 daAuts
     D:1: 1629 daAuts
     D:3: 1471 daAuts
     D:2: 1382 daAuts
     D:4: 1308 daAuts
  Lair:2: 1285 daAuts
    D:10: 1262 daAuts
  Lair:1: 863 daAuts
 Ossuary: 359 daAuts
